 Dungeon Crawl Stone Soup version 0.20-a0-1109-ge3cd172 (console) character file.

11297 nht the Spear-Bearer (level 11, -1/117 HPs)
             Began as an Ogre Fighter on May 5, 2017.
             Was a High Priest of Okawaru.
             Slain by Paps's ghost (7 damage)
             ... on level 1 of the Lair of Beasts.
             The game lasted 00:22:10 (13202 turns).

nht the Spear-Bearer (Ogre Fighter)                Turns: 13202, Time: 00:22:11

Health: -1/117     AC:  9    Str: 22    XL:     11   Next: 75%
Magic:  13/16      EV: 20    Int: 12    God:    Okawaru [*****.]
Gold:   777        SH: 13    Dex: 16    Spells: 10/10 levels left

rFire    . . .     SeeInvis .   a - +1 trident
rCold    + . .     Gourm    .   c - +0 shield
rNeg     . . .     Faith    +   K - +0 steam dragon scales
rPois    .         Spirit   .   (helmet restricted)
rElec    +         Reflect  .   o - +0 cloak "Rirraq" {rElec rCorr}
rCorr    +         Harm     .   (gloves unavailable)
MR       +....                  (boots unavailable)
Stlth    ++++......             m - amulet of faith
Regen    0.3/turn               y - ring of protection from cold
MPRegen  0.2/turn               r - +3 ring of dexterity

@: agile, heroism, finesse
A: unfitting armour, tough skin 1
a: Heroism, Finesse, Renounce Religion


You were on level 1 of the Lair of Beasts.
You worshipped Okawaru.
Okawaru was extremely pleased with you.
You were hungry.

You visited 3 branches of the dungeon, and saw 13 of its levels.

You collected 777 gold pieces.

Inventory:

Hand Weapons
 a - a +1 trident (weapon)
 w - the +6 long sword of Experimentation {chaos, Int+3, unknown}
   (You found it on level 5 of the Dungeon)

   Each time it hits an enemy it has a different, random effect.
   It affects your intelligence (+3).
 A - a +0 blowgun
Missiles
 e - 6 large rocks (quivered)
 j - 5 tomahawks of dispersal
 p - 34 tomahawks
 G - a throwing net
 J - 2 curare-tipped needles
Armour
 c - a +0 shield (worn)
 o - the +0 cloak "Rirraq" (worn) {rElec rCorr}
   (Okawaru gifted it to you on level 10 of the Dungeon)

   It insulates you from electricity.
   It protects you from acid and corrosion.
 C - a +0 large shield
 K - +0 steam dragon scales (worn)
Magical Staves
 x - an uncursed staff of cold {unknown}
 E - an uncursed staff of fire {unknown}
Jewellery
 m - an amulet of faith (around neck)
 r - a +3 ring of dexterity (right hand)
 y - a ring of protection from cold (left hand)
 D - an uncursed ring of flight
Wands
 h - a wand of paralysis (5/24)
Scrolls
 d - 3 scrolls of teleportation
 l - a scroll of acquirement {unknown}
 s - 4 scrolls of enchant weapon
 I - a scroll of enchant armour
Potions
 k - 3 potions of brilliance
 q - a potion of curing
 v - a potion of mutation
 B - a potion of magic
 F - 2 potions of agility
Books
 b - a book of Geomancy

   Spells                             Type                      Level
   a - Sandblast                      Earth                        1
   b - Passwall                       Transmutation/Earth          2
   c - Stone Arrow                    Conjuration/Earth            3
   d - Petrify                        Transmutation/Earth          4
   e - Lee's Rapid Deconstruction     Earth                        5
Comestibles
 f - 8 bread rations
 g - 6 royal jellies
 i - 3 meat rations
 t - 7 chunks of flesh


   Skills:
 - Level 10.0(15.0) Fighting
 * Level 12.8(17.8) Polearms
 + Level 2.6(7.6) Armour
 - Level 2.6(7.6) Dodging
 + Level 7.4(12.4) Shields
 + Level 7.5 Invocations


You had 10 spell levels left.
You didn't know any spells.

Dungeon Overview and Level Annotations

Branches:
Dungeon (10/15)            Temple (0/1) D:5            Lair (1/6) D:9
    Orc (2/2) D:9
    Elf: Orc:2

Altars:
Ashenzari
Dithmenos
Gozag
Hepliaklqana
Okawaru
Qazlal
Sif Muna
Vehumet
Xom
Yredelemnul
Zin

Shops:
D:9 [

Annotations:
D:10 Malvoorn's ghost, novice HOBe
Lair:1 Paps's ghost, journeyman GrFi


Innate Abilities, Weirdness & Mutations

You are too large for most types of armour.
You have tough skin. (AC +1)


Message History

You hit Paps's ghost but do no damage.
Paps's ghost is severely damaged.
Paps's ghost hits you but does no damage.
You hit Paps's ghost but do no damage.
Paps's ghost is severely damaged.
You hit Paps's ghost but do no damage.
Paps's ghost is severely damaged.
You hit Paps's ghost but do no damage.
Paps's ghost is severely damaged.
You block Paps's ghost's attack.
You barely miss Paps's ghost.
Paps's ghost is severely damaged.
You barely miss Paps's ghost.
Paps's ghost is severely damaged.
You hit Paps's ghost.
Paps's ghost is severely damaged.
Paps's ghost hits you!
* * * LOW HITPOINT WARNING * * *
Paps's ghost burns you!
You die...

..........███
...█.........█████.
...................
█..█.............
............████
.█████....█████ █
█....███.██.███
██...█..█W......
█........@.......
██.........██....
█.......███ .
█......██ █......█
.......██ █......
.....█


You could see Paps's ghost.

Vanquished Creatures
  An ettin (Orc:1)
  Josephine (D:9)
  3 two-headed ogres
  The ghost of Duffy the Basher, a novice VSMo of Makhleb (D:8)
  A komodo dragon (D:9)
  A troll (D:10)
  5 wraiths
  7 yaks
  A steam dragon (D:10)
  4 ice beasts
  2 sky beasts
  A black bear (D:8)
  4 orc warriors
  3 phantoms
  2 necrophages
  4 centaurs
  2 crocodiles (Lair:1)
  4 ogres
  2 big kobolds (D:9)
  7 bullfrogs
  A scorpion (D:9)
  5 killer bees
  10 wights
  2 centaur zombies
  7 crimson imps
  3 hounds
  A quasit (D:10)
  A jelly (D:7)
  2 orc priests
  A bullfrog skeleton (D:3)
  Crazy Yiuf (D:4)
  Terence (D:2)
  3 iguanas
  8 worker ants
  9 orc wizards
  2 hound zombies
  Robin (D:4)
  19 adders
  4 gnolls (D:3)
  A howler monkey skeleton (D:4)
  4 shadow imps
  An ooze (D:2)
  3 adder zombies
  3 worms
  2 dart slugs
  3 leopard geckos
  33 orcs
  A ball python (D:2)
  5 giant cockroaches
  17 goblins
  10 hobgoblins
  11 jackals
  3 quokkas
  2 bats
  4 frilled lizards
  22 kobolds
  7 rats
  A plant (D:9)
270 creatures vanquished.

Vanquished Creatures (others)
  A plant (D:9)
1 creature vanquished.

Grand Total: 271 creatures vanquished

Notes
Turn   | Place    | Note
-------+----------+-------------------------------------------
     0 | D:1      | nht the Ogre Fighter began the quest for the Orb.
     0 | D:1      | Reached XP level 1. HP: 24/24 MP: 1/1
    69 | D:1      | Reached XP level 2. HP: 25/32 MP: 2/2
   137 | D:1      | Reached skill level 3 in Polearms
   388 | D:1      | Found a shimmering altar of Xom.
   390 | D:1      | Found a deep blue altar of Sif Muna.
   390 | D:1      | Found a deep blue altar of Sif Muna.
   393 | D:1      | Found a stormy altar of Qazlal.
   393 | D:1      | Found a hazy altar of Hepliaklqana.
   393 | D:1      | Found a deep blue altar of Sif Muna.
   396 | D:1      | Reached XP level 3. HP: 39/39 MP: 3/3
   614 | D:2      | Reached skill level 4 in Polearms
   662 | D:2      | Reached XP level 4. HP: 48/48 MP: 4/4
   955 | D:2      | Noticed Terence
   963 | D:2      | Killed Terence
  1197 | D:3      | Reached skill level 5 in Polearms
  1197 | D:3      | Reached XP level 5. HP: 45/54 MP: 5/5
  1864 | D:3      | Reached skill level 6 in Polearms
  1892 | D:3      | Found a basalt altar of Yredelemnul.
  1922 | D:3      | Reached XP level 6. HP: 42/62 MP: 6/6
  2178 | D:4      | Noticed Robin
  2217 | D:4      | Killed Robin
  2620 | D:4      | Reached skill level 7 in Polearms
  2973 | D:4      | Reached XP level 7. HP: 65/70 MP: 7/7
  2980 | D:4      | Found an iron altar of Okawaru.
  2985 | D:4      | Became a worshipper of Warmaster Okawaru
  3660 | D:4      | Found a runed door.
  3952 | D:4      | Noticed Crazy Yiuf
  3958 | D:4      | Killed Crazy Yiuf
  3988 | D:5      | Entered Level 5 of the Dungeon
  4003 | D:5      | Got a fine long sword
  4006 | D:5      | Found a staircase to the Ecumenical Temple.
  4704 | D:6      | Reached skill level 8 in Polearms
  4890 | D:6      | Reached XP level 8. HP: 67/78 MP: 8/8
  5000 | D:6      | Reached * piety under Okawaru
  5158 | D:6      | Reached skill level 9 in Polearms
  5377 | D:6      | Found a hazy altar of Hepliaklqana.
  5571 | D:6      | Reached skill level 1 in Invocations
  6096 | D:7      | Reached skill level 5 in Fighting
  6137 | D:7      | Reached ** piety under Okawaru
  6137 | D:7      | Reached XP level 9. HP: 28/87 MP: 10/10
  6386 | D:7      | Reached skill level 5 in Shields
  6436 | D:7      | Reached skill level 10 in Polearms
  6438 | D:7      | Found a glowing silver altar of Zin.
  6438 | D:7      | Noticed a two-headed ogre
  6451 | D:7      | Killed a two-headed ogre
  6451 | D:7      | Reached *** piety under Okawaru
  6471 | D:7      | Found a radiant altar of Vehumet.
  6471 | D:7      | Found a shadowy altar of Dithmenos.
  6474 | D:7      | Found an opulent altar of Gozag.
  7592 | D:8      | Reached XP level 10. HP: 51/101 MP: 13/13
  7866 | D:8      | Reached skill level 11 in Polearms
  7883 | D:8      | Reached skill level 5 in Invocations
  7886 | D:8      | Reached **** piety under Okawaru
  8428 | D:8      | Noticed Duffy's ghost (novice VSMo)
  8483 | D:8      | Killed Duffy's ghost
  8923 | D:8      | Reached ***** piety under Okawaru
  9269 | D:8      | Noticed a two-headed ogre
  9281 | D:8      | Killed a two-headed ogre
  9548 | D:9      | Received a gift from Okawaru
  9840 | D:9      | Found a staircase to the Lair.
  9897 | D:9      | Reached skill level 12 in Polearms
 10184 | D:9      | Found a shattered altar of Ashenzari.
 10278 | D:9      | Found Limutunagh's Armour Boutique.
 10311 | D:9      | Found a staircase to the Orcish Mines.
 10386 | D:10     | Entered Level 10 of the Dungeon
 10386 | D:10     | Noticed Josephine
 10433 | D:8      | Reached XP level 11. HP: 15/115 MP: 15/15
 10944 | D:10     | Noticed Malvoorn's ghost (novice HOBe)
 10947 | D:10     | Noticed a two-headed ogre
 11339 | D:9      | HP: 4/115 [wraith[Josephine] (4)]
 11340 | D:9      | Killed Josephine
 11340 | D:9      | Reached skill level 1 in Armour
 12248 | D:10     | Received a gift from Okawaru
 12249 | D:10     | Got a brightly glowing cloak {god gift}
 12336 | D:10     | Killed a two-headed ogre
 12367 | D:10     | Identified the +0 cloak "Rirraq" {rElec rCorr} (Okawaru gifted it to you on level 10 of the Dungeon)
 12782 | Orc:1    | Entered Level 1 of the Orcish Mines
 12783 | Orc:1    | Noticed an ettin
 12792 | Orc:1    | Killed an ettin
 12792 | Orc:1    | Reached skill level 10 in Fighting
 12942 | Orc:2    | Entered Level 2 of the Orcish Mines
 13002 | Lair:1   | Entered Level 1 of the Lair of Beasts
 13133 | Lair:1   | Noticed Paps's ghost (journeyman GrFi)
 13202 | Lair:1   | Slain by Paps's ghost

Vault maps used:
D:1:      eino_arrival_cavern_b, wad_floor_pattern_untrapped,
          doesnt_xom_only_xom
D:2:      minmay_tromino_v4_b, uniq_terence
D:3:      yredelemnul_altar_generic
D:4:      okawaru_gym_becter, first_bread, kennysheep_generic_room_7,
          uniq_crazy_yiuf_cottage, uniq_robin
D:5:      minmay_temple_entry_large_hall, minmay_crystal_room
D:6:      kennysheep_mini_moat, lemuel_old_faithful
D:7:      grunt_temple_overflow_cloverleaf, grunt_ogre_cave
D:8:      hangedman_decor_clover_reticule
D:9:      lemuel_round_altar, david_lair_shrubbed, orc_0_dummy, serial_shops,
          shop
D:10:     uniq_josephine
Lair:1:   infiniplex_staircase_pool_2
Orc:2:    pubby_orc_utopia, uniq_sonja, uniq_erolcha

Skill      XL: |  1  2  3  4  5  6  7  8  9 10 11 |
---------------+----------------------------------+-----
Polearms       | 3 4 5 6 7 8 9 10 12 | 12.8
Shields        | 3 4 5 6 7 |  7.4
Invocations    | 2 4 6 7 |  7.5
Fighting       | 5 7 9 10 | 10.0
Armour         | 2 |  2.6
Dodging        | |  2.6

Action                   |  1- 3 |  4- 6 |  7- 9 | 10-12 || total
-------------------------+-------+-------+-------+-------++-------
Melee: Trident           |    85 |   278 |   410 |   688 ||  1461
Invok: Heroism           |       |       |       |     5 ||     5
       Finesse           |       |       |       |     1 ||     1
Evoke: Wand              |       |       |    13 |     9 ||    22
  Use: Scroll            |       |     8 |     7 |     3 ||    18
       Potion            |       |     4 |     3 |    12 ||    19
 Stab: Sleeping          |       |     2 |     1 |     1 ||     4
       Invisible         |       |       |     1 |       ||     1
       Distracted        |       |       |     1 |       ||     1
       Paralysed         |       |       |       |    13 ||    13
  Eat: Chunk             |       |     7 |    10 |    18 ||    35
       Meat ration       |       |       |     1 |       ||     1
Armor: Robe              |    13 |    47 |    34 |    66 ||   160
       Skin              |       |    18 |    16 |       ||    34
       Steam dragon scal |       |       |       |    20 ||    20
Dodge: Dodged            |    23 |    87 |    68 |   125 ||   303
Block: Shield            |    22 |   110 |   102 |   216 ||   450
